cohdb
Replays
Latest Replays
All Replays
Popular Replays
Top Player Replays
Match Explorer
How It Works
Community
CoH3 Stats
Reddit
Sign in to upload your games and track your stats! →
Sign in with Steam
Match 40418037
Unlisted
Match 40418037
Overview
Messages
Build Orders
End
Royal Engineer Section
Construct Section Command Post
Selects Canadian Shock Battlegroup
Dingo Light Scout Car
Dingo Light Scout Car
Selects Attacking Spirit
Selects Canadian Shock Section
Canadian Shock Section
Construct Platoon Command Post
Humber Armored Car
Selects Incendiary Munitions
Selects Pyrotechnics
Ooged
deadsadbadmad
0
0
Comments
sign in to comment!
No comments posted yet!